 Dungeon Crawl Stone Soup version 0.28.0 (webtiles) character file.

Game seed: 6423017786442765872

133 bande the Covered (level 5, -2/33 HPs)
             Began as a Gargoyle Fighter on Feb 6, 2022.
             Killed from afar by an orc wizard (7 damage)
             ... with a puff of flame
             ... on level 3 of the Dungeon.
             The game lasted 00:03:04 (3171 turns).

bande the Covered (Gargoyle Fighter)                Turns: 3171, Time: 00:03:05

Health: -2/33      AC: 11    Str: 20    XL:     5   Next: 16%
Magic:  5/5        EV:  9    Int:  8    God:
Gold:   71         SH:  4    Dex: 11    Spells: 4/4 levels left

rFire   . . .      SeeInvis .   a - +0 war axe
rCold   . . .      Faith    .   c - +0 buckler
rNeg    + . .      Spirit   .   b - +0 scale mail
rPois   ∞          Reflect  .   (no helmet)
rElec   +          Harm     .   (no cloak)
rCorr   .          Rampage  .   (no gloves)
Will    .....                   (no boots)
Stlth   ..........              (no amulet)
HPRegen 0.11/turn               (no ring)
MPRegen 0.09/turn               (no ring)

@: mighty, brilliant
A: sickness immunity, AC +4, negative energy resistance 1, electricity
resistance, torment resistance 1, petrification resistance
a: no special abilities


You were on level 3 of the Dungeon.
You visited 1 branch of the dungeon, and saw 3 of its levels.

You collected 71 gold pieces.

Inventory:

Hand Weapons
 a - a +0 war axe (weapon)
Missiles
 g - a throwing net (quivered)
Armour
 b - a +0 scale mail (worn)
 c - a +0 buckler (worn)
Jewellery
 f - a ring of positive energy


   Skills:
 + Level 3.8 Fighting
 + Level 3.0 Axes
 + Level 4.7 Armour
 + Level 3.7 Shields


You had 4 spell levels left.
You didn't know any spells.
Your spell library contained the following spells:

 Spells                   Type           Power      Damage    Failure   Level
 Blink                    Tloc           0%         N/A       93%         2
 Lesser Beckoning         Tloc           0%         N/A       99%         3
 Manifold Assault         Tloc           0%         N/A       100%        5


Dungeon Overview and Level Annotations

Branches:
Dungeon (3/15)

Altars:


Innate Abilities, Weirdness & Mutations

You are immune to sickness and miasma.
Your stone body is resilient. (AC +4)
You are immune to poison.
You resist negative energy. (rN+)
You are resistant to electric shocks. (rElec)
You are resistant to unholy torment.
You are immune to petrification.


Message History

The orc wizard hits you with a +0 dagger.
* * * LOW HITPOINT WARNING * * *
The adder closely misses you. The adder barely misses you.
The orc wizard hits you but does no damage.
You bump into the rock wall.
The adder bites you but does no damage. The adder barely misses you.
The orc barely misses you. The orc wizard casts a spell at you.
The magic dart hits you but does no damage.
The orc hits you but does no damage.
You barely miss the orc.
The orc is heavily wounded.
You miss the adder. You slash the orc wizard! You miss the adder.
You barely miss the orc. You hit the orc but do no damage. You miss something.
You feel less confused. The adder closely misses you.
You block the adder's attack. Something hits you but does no damage.
The adder bites you but does no damage. The adder closely misses you.
The orc wizard mumbles some strange words.
The orc wizard flickers and vanishes!
The orc hits you but does no damage. The orc barely misses you.
You feel very mighty all of a sudden. Something hits you but does no damage.
The adder barely misses you. The adder bites you.
* * * LOW HITPOINT WARNING * * *
Something completely misses you. The orc hits you but does no damage.
The orc barely misses you. Something hits you but does no damage.
You closely miss the adder.
The adder is heavily wounded.
You miss something. You closely miss the orc. You barely miss something.
You slash the orc!
You kill the orc!
You barely miss the adder. You barely miss something.
The adder bites you but does no damage. The adder barely misses you.
You block something's attack. The orc barely misses you.
Something hits you but does no damage.
The adder bites you but does no damage. x2
Something hits you but does no damage.
You hear some strange, mumbled words.
A puff of flame appears from out of thin air!
The puff of flame hits you!
You die...

#..#.$.#..# ###
#..#[.o#..# ?...
#..#####..# .....
#......†)†####......
.#^.......).†.)......
#....#.......##.......
#.#...................
#...##.)S{...##.......
.......{@So#.####.#...
.......#o..#.#....# ..
...##..#......#### .
.. ##..........##.
##..#......... .
##.##....#...
...#..#..#....#.#
##......####....#
.........<.....#.


You could see 2 adders and 3 orcs.

Vanquished Creatures
  4 gnolls (D:1)
  4 adders
  A dart slug (D:2)
  5 orcs (D:3)
  7 endoplasms
  3 giant cockroaches
  2 goblins
  A hobgoblin (D:2)
  6 jackals (D:1)
  2 quokkas
  3 ball pythons
  4 bats
  A frilled lizard (D:1)
  4 kobolds
  6 rats
53 creatures vanquished.

Notes
Turn   | Place    | Note
-------+----------+-------------------------------------------
     0 | D:1      | bande the Gargoyle Fighter began the quest for the Orb.
     0 | D:1      | Reached XP level 1. HP: 14/14 MP: 1/1
    18 | D:1      | Found a faded altar of an unknown god.
    21 | D:1      | Reached XP level 2. HP: 14/19 MP: 2/2
   615 | D:1      | Reached XP level 3. HP: 23/23 MP: 3/3
   746 | D:1      | Reached skill level 4 in Armour
  1249 | D:2      | Reached XP level 4. HP: 26/29 MP: 4/4
  3116 | D:3      | Reached XP level 5. HP: 31/33 MP: 5/5
  3171 | D:3      | Killed from afar by an orc wizard

Illustrated notes

Levels and vault maps discovered:
D:1:      wander_arrival_peaceful_grave, layout_basic,
          hellmonk_ecumenical_altar_blasted
D:2:      layout_loops_ring
D:3:      layout_rooms, grunt_temple_overflow_open, due_unseen_surprise

Skill      XL: |  1  2  3  4  5 |
---------------+----------------+-----
Axes           | 2 3 |  3.0
Armour         | 4 |  4.7
Fighting       | |  3.8
Shields        | |  3.7

Action                   |  1- 3 |  4- 6 || total
-------------------------+-------+-------++-------
Melee: War axe           |    81 |    63 ||   144
  Use: Scroll            |       |     1 ||     1
       Potion            |       |     2 ||     2
Armor: Scale mail        |    50 |    86 ||   136
Dodge: Dodged            |    49 |    73 ||   122
Block: Buckler           |    12 |    16 ||    28
